 Dungeon Crawl Stone Soup version 0.20.1-1-g8b1a95d (webtiles) character file.

678 Scaveo the Ruffian (level 7, 0/66 HPs)
             Began as a Troll Monk on Oct 24, 2017.
             Slain by a wight
             ... wielding a +2 spear
              (1 damage)
             ... on level 6 of the Dungeon.
             The game lasted 00:39:28 (4344 turns).

Scaveo the Ruffian (Troll Monk)                     Turns: 4344, Time: 00:39:28

Health: 0/66       AC:  5    Str: 21    XL:     7   Next: 34%
Magic:  6/6        EV: 10    Int:  6    God:
Gold:   271        SH:  0    Dex: 13    Spells: 6/6 levels left

rFire    . . .     SeeInvis .     - Unarmed
rCold    . . .     Gourm    +   (no shield)
rNeg     . . .     Faith    .   a - +0 robe
rPois    .         Spirit   .   (helmet restricted)
rElec    .         Reflect  .   (no cloak)
rCorr    .         Harm     .   (gloves unavailable)
MR       .....                  (boots unavailable)
Stlth    ++........             (no amulet)
Regen    0.7/turn               (no ring)
MPRegen  0.1/turn               (no ring)

@: heavily drained
A: unfitting armour, claws 3, fast metabolism 3, gourmand, regeneration 1,
shaggy fur 1, tough skin 2
a: no special abilities


You were on level 6 of the Dungeon.
You were not hungry.

You visited 1 branch of the dungeon, and saw 6 of its levels.

You collected 271 gold pieces.

Inventory:

Hand Weapons
 d - a cursed -1 short sword
Missiles
 j - 14 tomahawks (quivered)
 n - 166 stones
Armour
 a - a +0 robe (worn)
 g - a +0 robe
 s - a +0 pair of gloves
 x - a +1 hat
Jewellery
 i - an uncursed ring of magical power {unknown}
 q - an uncursed ring of fire {unknown}
 y - an uncursed amulet of faith
 B - an uncursed amulet of harm {unknown}
Wands
 w - a wand of enslavement (17/24)
 F - a wand of acid (10/15)
Scrolls
 k - a scroll of blinking
 l - a scroll of remove curse
 v - 2 scrolls of enchant armour
 D - a scroll of enchant weapon
Potions
 c - 2 potions of berserk rage {unknown}
 e - 2 potions of curing {unknown}
 f - a potion of heal wounds {unknown}
 h - 2 potions of resistance {unknown}
 o - 2 potions of might {unknown}
 p - a potion of cancellation {unknown}
 r - a potion of magic {unknown}
 u - 4 potions of brilliance
 z - 2 potions of agility {unknown}
 A - a potion of mutation {unknown}
 E - a potion of degeneration {unknown}
Comestibles
 C - a meat ration


   Skills:
 + Level 2.9(1.5) Fighting
 + Level 0.3(0.0) Throwing
 + Level 4.0(2.5) Dodging
 + Level 2.4(1.0) Stealth
 + Level 6.3(4.7) Unarmed Combat


You had 6 spell levels left.
You didn't know any spells.

Dungeon Overview and Level Annotations

Branches:
Dungeon (6/15)
 Temple: D:4-7

Altars:


Innate Abilities, Weirdness & Mutations

You are too large for most types of armour.
You have claws for hands.
Your metabolism is lightning-fast.
You like to eat raw meat.
Your natural rate of healing is unusually fast.
You are covered in fur. (AC +1)
You have very tough skin. (AC +2)


Message History

The wight closely misses you. The wight hits you but does no damage.
The wight hits you with an enchanted flail.
* * * LOW HITPOINT WARNING * * *
You scratch the wight.
The wight is heavily damaged.
The wight closely misses you.
The wight hits you with an enchanted spear.
* * * LOW HITPOINT WARNING * * *
You feel drained.
You closely miss the wight.
The wight is heavily damaged.
The wight hits you with an enchanted flail.
* * * LOW HITPOINT WARNING * * *
The wight hits you with an enchanted scimitar!
* * * LOW HITPOINT WARNING * * *
The wight barely misses you.
The wight hits you with an enchanted flail.
* * * LOW HITPOINT WARNING * * *
The wight hits you with an enchanted spear.
You die...

#....!#
#.....#
#.?...#
#.....#
#.....#
#.....#
#.....#
#.....#
#...@z#
#...z.#
#...z.#
#.....#
#######


You could see 3 wights.

Vanquished Creatures
  The ghost of vuolankoinen the Cudgeler, an amateur HuWn (D:3)
  A wight (D:6)
  A hound (D:5)
  2 orc priests (D:5)
  A bullfrog skeleton (D:4)
  An orc wizard (D:5)
  2 iguanas (D:4)
  3 worker ants (D:4)
  7 adders
  3 worms (D:3)
  2 dart slugs (D:1)
  2 leopard geckos
  6 orcs
  12 bats
  3 giant cockroaches
  9 goblins
  7 hobgoblins
  7 jackals (D:1)
  4 kobolds
  A quokka (D:5)
  2 ball pythons
  4 frilled lizards
  A quokka skeleton (D:4)
  9 rats
91 creatures vanquished.

Notes
Turn   | Place    | Note
-------+----------+-------------------------------------------
     0 | D:1      | Scaveo the Troll Monk began the quest for the Orb.
     0 | D:1      | Reached XP level 1. HP: 22/22 MP: 0/0
    25 | D:1      | Reached XP level 2. HP: 25/29 MP: 1/1
   356 | D:1      | Reached XP level 3. HP: 34/36 MP: 2/2
  1372 | D:2      | Reached skill level 4 in Unarmed Combat
  1534 | D:2      | Reached XP level 4. HP: 41/44 MP: 3/3
  2031 | D:3      | Noticed vuolankoinen's ghost (amateur HuWn)
  2117 | D:3      | Killed vuolankoinen's ghost
  2117 | D:3      | Reached skill level 5 in Unarmed Combat
  2117 | D:3      | Reached XP level 5. HP: 30/52 MP: 4/4
  2117 | D:3      | Reached XP level 6. HP: 34/59 MP: 5/5
  3643 | D:5      | Entered Level 5 of the Dungeon
  3821 | D:5      | Reached XP level 7. HP: 50/66 MP: 6/6
  3831 | D:5      | Reached skill level 6 in Unarmed Combat
  4344 | D:6      | HP: 1/66 [wight/enchanted flail (5)]
  4344 | D:6      | Slain by a wight

Skill      XL: |  1  2  3  4  5  6  7 |
---------------+----------------------+-----
Unarmed Combat | 4 5 6 |  6.3
Dodging        | 3 4 |  4.0
Stealth        | 2 |  2.4
Fighting       | |  2.9
Throwing       | |  0.3

Action                   |  1- 3 |  4- 6 |  7- 9 || total
-------------------------+-------+-------+-------++-------
Melee: Unarmed           |   104 |   116 |    29 ||   249
       Punch             |     1 |     2 |     1 ||     4
Throw: Tomahawk          |       |     8 |       ||     8
  Use: Scroll            |       |       |     9 ||     9
 Stab: Sleeping          |     2 |     8 |       ||    10
  Eat: Chunk             |     3 |     1 |     2 ||     6
       Bread ration      |     2 |     4 |     1 ||     7
       Royal jelly       |       |     1 |       ||     1
Armor: Robe              |    54 |    21 |     8 ||    83
Dodge: Dodged            |    69 |    56 |    15 ||   140
